 Dungeon Crawl Stone Soup version 0.17-a0-755-g4391640 (webtiles) character file.

92 wvc the Cudgeler (level 4, 0/33 HPs)
             Began as a Mummy Wanderer on Apr 22, 2015.
             Slain by Crazy Yiuf
             ... wielding a +2 quarterstaff of chaos
              (16 damage)
             ... on level 2 of the Dungeon.
             The game lasted 00:04:30 (1889 turns).

wvc the Cudgeler (Mummy Wanderer)                   Turns: 1889, Time: 00:04:31

Health: 0/33       AC:  5    Str: 19    XL:     4   Next: 35%
Magic:  4/4        EV: 10    Int:  9    God:
Gold:   79         SH:  3    Dex: 10    Spells: 0 memorised, 3 levels left

rFire  x . .     SeeInvis .     b - +2 hand crossbow
rCold  + . .     Clarity  .     c - +0 ring mail
rNeg   + + +     SustAb   .     g - +0 buckler
rPois  ∞         Gourm    .     (no helmet)
rElec  .         Spirit   .     (no cloak)
rCorr  .         Warding  .     (no gloves)
rMut   .         Stasis   .     (no boots)
MR     .....                    (no amulet)
Stlth  +.........               (no ring)
                                (no ring)

@: not resistant to hostile enchantments, very unstealthy
A: no food or potions, fire vulnerability, cold resistance 1, negative energy
resistance 3, torment resistance, unbreathing
a: no special abilities


You were on level 2 of the Dungeon.
You were not hungry.

You visited 1 branch of the dungeon, and saw 2 of its levels.

You collected 79 gold pieces.

Inventory:

Hand weapons
 a - a +0 mace
 b - a +2 hand crossbow (weapon)
 e - a +0 dagger
Missiles
 f - 22 bolts (quivered)
Armour
 c - a +0 ring mail (worn)
 g - a +0 buckler (worn)
Scrolls
 d - a scroll of teleportation
 h - 2 scrolls of enchant armour {unknown}
 i - a scroll of identify {unknown}


   Skills:
 - Level 2.1 Fighting
 * Level 3.0 Maces & Flails
 - Level 1.5 Crossbows
 - Level 1.0 Throwing
 - Level 1.7 Armour
 - Level 1.0 Dodging
 - Level 1.5 Stealth
 + Level 0.4 Shields


You had 3 spell levels left.
You didn't know any spells.

Dungeon Overview and Level Annotations

Branches:
Dungeon (2/15)

Altars:

Annotations:
D:2 Crazy Yiuf


Innate Abilities, Weirdness & Mutations

You do not eat or drink.
Your flesh is vulnerable to fire.
You are immune to poison.
Your flesh is cold resistant.
You are immune to negative energy.
You are immune to unholy pain and torment.
You can survive without breathing.


Message History

Press: ? - help, Shift-Dir - straight line, f/p - Crazy Yiuf
Aim: Crazy Yiuf, wielding a quarterstaff of chaos and wearing a cloak You shoot a bolt.
The bolt hits Crazy Yiuf.
Crazy Yiuf is lightly wounded.
Crazy Yiuf barely misses you.
Firing (i - inventory):
f - 24 bolts (quivered)
Press: ? - help, Shift-Dir - straight line, f/p - Crazy Yiuf
Aim: Crazy Yiuf, wielding a quarterstaff of chaos and wearing a cloak (lightly wounded)
You shoot a bolt. The bolt hits Crazy Yiuf.
Crazy Yiuf is moderately wounded.
Crazy Yiuf hits you with a quarterstaff of chaos.
Crazy Yiuf burns you.
Firing (i - inventory):
f - 23 bolts (quivered)
Press: ? - help, Shift-Dir - straight line, f/p - Crazy Yiuf
Aim: Crazy Yiuf, wielding a quarterstaff of chaos and wearing a cloak (moderately wounded)
You shoot a bolt. The bolt closely misses Crazy Yiuf.
Crazy Yiuf laughs, "Island foot dark!"
Crazy Yiuf hits you with a quarterstaff of chaos!
You are electrocuted!
You die...

#.#....####..########.#######.
#.#.##.# #...# #.##....#.
#.#..#.# ##..## #..'......
#.#..#.# #....# ####......
#.##.#.# ♣....♣ #......
#.....<# ♣♣...♣ #.....#
####.### ♣♣.♣♣ #######.....#
#######'## ♣♣.♣ #...........#
#........# ♣@♣♣ #.........#.#
#........# ♣g♣ ###########.#
#........# (♣♣ #......#
#......!.# #. ###.######
#........# .. #...#.....
#........# #(. #.###.####
#........# #(. #...#.#...
#######'## ### ###.#.#...
.†......# #.#.###.


You could see Crazy Yiuf.

Vanquished Creatures
  Ijyb (D:2)
  2 adders (D:2)
  2 worms (D:2)
  A ball python (D:2)
  9 bats
  2 giant cockroaches (D:2)
  7 hobgoblins
  2 kobolds
  2 quokkas (D:2)
  2 giant newts
  5 goblins
  4 rats
39 creatures vanquished.

Notes
Turn   | Place    | Note
--------------------------------------------------------------
     0 | D:1      | wvc, the Mummy Wanderer, began the quest for the Orb.
     0 | D:1      | wvc set off with: a +2 hand crossbow, 28 bolts, a +0 ring mail, a scroll of teleportation, a +0 dagger
     0 | D:1      | Reached XP level 1. HP: 16/16 MP: 1/1
   263 | D:1      | Reached skill level 1 in Maces & Flails
   280 | D:1      | Reached XP level 2. HP: 19/22 MP: 2/2
  1124 | D:2      | Reached XP level 3. HP: 14/27 MP: 3/3
  1146 | D:2      | Noticed Ijyb
  1155 | D:2      | Killed Ijyb
  1382 | D:2      | Reached XP level 4. HP: 31/33 MP: 4/4
  1782 | D:2      | Reached skill level 3 in Maces & Flails
  1883 | D:2      | Noticed Crazy Yiuf
  1889 | D:2      | Slain by Crazy Yiuf

Action                   |  1- 3 |  4- 6 || total
-------------------------+-------+-------++-------
Melee: Mace              |    77 |    33 ||   110
 Fire: Hand crossbow     |    14 |    11 ||    25
 Stab: Distracted        |       |     1 ||     1
